 Dungeon Crawl Stone Soup version 0.28-a0-851-g8b9cc49659 (webtiles) character file.

Game seed: 10584895327694439121

87 ders the Insei (level 4, -1/34 HPs)
             Began as a Gnoll Transmuter on Nov 15, 2021.
             Slain by an orc wizard (2 damage)
             ... on level 2 of the Dungeon.
             The game lasted 00:05:52 (2870 turns).

ders the Insei (Gnoll Transmuter)                   Turns: 2870, Time: 00:05:52

Health: -1/34      AC:  3    Str: 10    XL:     4   Next: 51%
Magic:  10/11      EV: 13    Int: 12    God:
Gold:   59         SH:  0    Dex: 13    Spells: 10/13 levels left

rFire   . . .      SeeInvis .     - Unarmed
rCold   . . .      Faith    .   (no shield)
rNeg    . . .      Spirit   .   a - +0 robe
rPois   .          Reflect  .   (helmet currently unavailable)
rElec   .          Harm     .   (no cloak)
rCorr   .          Rampage  .   h - +0 pair of gloves
Will    .....                   (boots currently unavailable)
Stlth   ++........              (no amulet)
HPRegen 0.11/turn               (no ring)
MPRegen 0.12/turn               (no ring)

@: appendages, flying
A: horns 2, talons 2, fangs 1, strong nose, distributed training
a: End Transformation


You were on level 2 of the Dungeon.
You had temporarily grown beastly horns and talons.
You visited 1 branch of the dungeon, and saw 3 of its levels.

You collected 59 gold pieces.

Inventory:

Armour
 a - a +0 robe (worn)
 h - a +0 pair of gloves (worn)
Scrolls
 b - 2 scrolls of identify {unknown}
 c - a scroll of blinking {unknown}
 f - a scroll of vulnerability {unknown}
Potions
 e - a potion of degeneration {unknown}
 g - a potion of ambrosia {unknown}


   Skills:
 + Level 2.7 Fighting
 + Level 1.1 Short Blades
 + Level 1.1 Long Blades
 + Level 1.1 Axes
 + Level 1.1 Maces & Flails
 + Level 1.1 Polearms
 + Level 1.1 Staves
 + Level 1.1 Slings
 + Level 1.1 Bows
 + Level 1.1 Crossbows
 + Level 1.1 Throwing
 + Level 1.1 Armour
 + Level 4.6 Dodging
 + Level 1.1 Stealth
 + Level 1.1 Shields
 + Level 6.6 Unarmed Combat
 + Level 5.1 Spellcasting
 + Level 0.9 Conjurations
 + Level 0.9 Hexes
 + Level 0.9 Summonings
 + Level 0.9 Necromancy
 + Level 0.9 Translocations
 + Level 3.8 Transmutations
 + Level 0.9 Fire Magic
 + Level 0.9 Ice Magic
 + Level 0.9 Air Magic
 + Level 0.9 Earth Magic
 + Level 0.9 Poison Magic
 + Level 1.2 Invocations
 + Level 1.1 Evocations


You had 10 spell levels left.
You knew the following spells:

 Your Spells              Type           Power      Damage    Failure   Level
a - Beastly Appendage     Tmut           24%        N/A       4%          1
b - Wereblood             Tmut           12%        N/A       6%          2

Your spell library contained the following spells:

 Spells                   Type           Power      Damage    Failure   Level
 Spider Form              Tmut/Pois      8%         N/A       22%         3
 Ice Form                 Ice/Tmut       8%         N/A       58%         4


Dungeon Overview and Level Annotations

Branches:
Dungeon (3/15)

Altars:


Innate Abilities, Weirdness & Mutations

You have temporarily grown beastly horns and talons.
You have very sharp teeth.
Your uncanny sense of smell can sniff out nearby items.
Your experience applies equally to all skills.


Message History

A magic dart appears from out of thin air!
Deactivating autopickup; reactivate with Ctrl-A.
The magic dart hits you!
You hit something but do no damage.
You hear some strange, mumbled words.
A magic dart appears from out of thin air!
The magic dart hits you!
* * * LOW HITPOINT WARNING * * *
You hit something.
Your primal bloodlust is almost over.
Something hits you.
* * * LOW HITPOINT WARNING * * *
You feel much better.
You howl as the wereblood boils in your veins!
Your horns disappear.
Your talons disappear.
Something hits you.
You closely miss something. Something hits you.
You hit something but do no damage. Something hits you.
Casting: Beastly Appendage (safe; 4% risk of failure)
Confirm with . or Enter, or press ? or * to list all spells.
You grow a pair of large bovine horns.
Your feet morph into talons.
Something hits you. Something hits you.
Unknown command.
You hit something but do no damage. Your kick misses something.
You howl as the wereblood boils in your veins!
Your primal bloodlust has ended.
You hear some strange, mumbled words.
A puff of flame appears from out of thin air!
The puff of flame hits you!
* * * LOW HITPOINT WARNING * * *
You closely miss something. Your kick misses something.
You hear some strange, mumbled words.
A magic dart appears from out of thin air!
The magic dart hits you.
* * * LOW HITPOINT WARNING * * *
It was a potion of flight.
You feel very buoyant.
You fly up into the air.
Something hits you.
You die...

##################
#.................
#.....###<########
#.....# #.# #....
#.#######.# #.###
#.# #...#.# #.#
#{###...#.####.###
#@................
#.###...#.####.###
#.# #...#.# #.###
######.#######.#
#.#..
#......##....#.#
#.#..
#......##....#.#
#.#..
#............#.#
#....
#............#.#
##...
#............#.#
#...


There were no monsters in sight!

Vanquished Creatures
  2 adders
  A worm (D:2)
  4 orcs (D:3)
  6 endoplasms
  3 giant cockroaches
  4 goblins
  7 hobgoblins
  2 jackals (D:1)
  4 quokkas
  10 ball pythons
  5 bats
  2 frilled lizards (D:1)
  7 kobolds
  2 rats
59 creatures vanquished.

Notes
Turn   | Place    | Note
-------+----------+-------------------------------------------
     0 | D:1      | ders the Gnoll Transmuter began the quest for the Orb.
     0 | D:1      | Reached XP level 1. HP: 17/17 MP: 6/6
   489 | D:1      | Reached XP level 2. HP: 23/23 MP: 5/7
   492 | D:1      | Learned a level 2 spell: Wereblood
   973 | D:1      | Reached XP level 3. HP: 8/28 MP: 6/9
   997 | D:1      | Reached skill level 5 in Spellcasting
  1913 | D:2      | Reached skill level 1 in Invocations
  2035 | D:2      | Reached skill level 1 in Short Blades
  2035 | D:2      | Reached skill level 1 in Long Blades
  2035 | D:2      | Reached skill level 1 in Axes
  2035 | D:2      | Reached skill level 1 in Maces & Flails
  2035 | D:2      | Reached skill level 1 in Polearms
  2035 | D:2      | Reached skill level 1 in Staves
  2035 | D:2      | Reached skill level 1 in Slings
  2035 | D:2      | Reached skill level 1 in Bows
  2035 | D:2      | Reached skill level 1 in Crossbows
  2035 | D:2      | Reached skill level 1 in Throwing
  2035 | D:2      | Reached skill level 1 in Armour
  2035 | D:2      | Reached skill level 1 in Stealth
  2035 | D:2      | Reached skill level 1 in Shields
  2035 | D:2      | Reached skill level 1 in Evocations
  2144 | D:2      | Reached XP level 4. HP: 33/34 MP: 9/11
  2869 | D:2      | HP: 1/34 [something/magic dart (6)]
  2870 | D:2      | Slain by an orc wizard

Illustrated notes

Levels and vault maps discovered:
D:1:      amcnicky_arrival_abandoned_market, layout_basic
D:2:      layout_basic
D:3:      layout_basic, uniq_robin

Skill      XL: |  1  2  3 |
---------------+----------+-----
Spellcasting   | 5 |  5.1
Invocations    | 1 |  1.2
Short Blades   | 1 |  1.1
Long Blades    | 1 |  1.1
Axes           | 1 |  1.1
Maces & Flails | 1 |  1.1
Polearms       | 1 |  1.1
Staves         | 1 |  1.1
Slings         | 1 |  1.1
Bows           | 1 |  1.1
Crossbows      | 1 |  1.1
Throwing       | 1 |  1.1
Armour         | 1 |  1.1
Stealth        | 1 |  1.1
Shields        | 1 |  1.1
Evocations     | 1 |  1.1
Fighting       | |  2.7
Dodging        | |  4.6
Unarmed Combat | |  6.6
Conjurations   | |  0.9
Hexes          | |  0.9
Summonings     | |  0.9
Necromancy     | |  0.9
Translocations | |  0.9
Transmutations | |  3.8
Fire Magic     | |  0.9
Ice Magic      | |  0.9
Air Magic      | |  0.9
Earth Magic    | |  0.9
Poison Magic   | |  0.9

Action                   |  1- 3 |  4- 6 || total
-------------------------+-------+-------++-------
Melee: Unarmed           |    99 |    45 ||   144
       Headbutt          |    10 |     5 ||    15
       Punch             |     1 |       ||     1
       Kick              |    11 |     7 ||    18
       Bite              |     4 |     4 ||     8
 Cast: Beastly Appendage |    19 |     9 ||    28
       Wereblood         |     5 |     4 ||     9
  Use: Potion            |       |     3 ||     3
 Stab: Sleeping          |       |     1 ||     1
Armor: Robe              |    10 |    27 ||    37
Dodge: Dodged            |    84 |    63 ||   147

Table legend: (Time is in decaauts)
 A = Elapsed time spent in this place.
 B = Non-inter-level travel time spent in this place.
 C = Inter-level travel time spent in this place.
 D = Time resting spent in this place.
 E = Time spent auto-exploring this place.
 F = Levels seen in this place.
 G = Mean time per level.
                   A        B        C        D        E       F      G
               +--------+--------+--------+--------+--------+-----+--------+
         Total |   2852 |   2776 |     76 |   1111 |   1225 |   3 |  950.7 |
       Dungeon |   2852 |   2776 |     76 |   1111 |   1225 |   3 |  950.7 |
               +--------+--------+--------+--------+--------+-----+--------+

Top non-repeatable levels by time:
     D:1: 1552 daAuts
     D:2: 1000 daAuts
     D:3: 300 daAuts
